 Dungeon Crawl Stone Soup version 0.24.0-123-gd5b16e6ec5 (webtiles) character file.

Game seed: 2754377193334789176, levelgen mode: deterministic

186 Amplified the Ducker (level 5, -2/34 HPs)
             Began as a Halfling Ice Elementalist on Jan 7, 2020.
             Slain by an orc (4 damage)
             ... on level 4 of the Dungeon.
             The game lasted 00:05:14 (2761 turns).

Amplified the Ducker (Halfling Ice Elementalist)    Turns: 2761, Time: 00:05:15

Health: -2/34      AC:  4    Str: 10    XL:     5   Next: 98%
Magic:  8/8        EV: 16    Int: 13    God:
Gold:   114        SH:  0    Dex: 15    Spells: 2/8 levels left

rFire    . . .     SeeInvis .   e - +2 hunting sling (freeze)
rCold    . . .     Gourm    .   (shield restricted)
rNeg     . . .     Faith    .   a - +2 robe
rPois    .         Spirit   .   (no helmet)
rElec    .         Reflect  .   (no cloak)
rCorr    .         Harm     .   (no gloves)
MR       .....                  (no boots)
Stlth    ++........             (no amulet)
HPRegen  0.11/turn              (no ring)
MPRegen  0.11/turn              (no ring)

@: hasted (expiring), very quick
A: small, mutation resistance 1, MP-powered wands
a: no special abilities


You were on level 4 of the Dungeon.
You were not hungry.

You visited 1 branch of the dungeon, and saw 4 of its levels.

You collected 114 gold pieces.

Inventory:

Hand Weapons
 d - a +0 dagger
 e - a +2 hunting sling of freezing (weapon)
 l - a +1 dagger of holy wrath
Missiles
 g - 50 stones (quivered)
Armour
 a - a +2 robe (worn)
 k - a +0 cloak
Scrolls
 f - a scroll of remove curse
 j - a scroll of immolation
Potions
 h - a potion of flight
Comestibles
 c - 4 rations
 m - 4 chunks of flesh


   Skills:
 * Level 2.1 Fighting
 - Level 2.5 Short Blades
 * Level 1.4 Slings
 - Level 3.4 Dodging
 - Level 2.1 Stealth
 - Level 2.2 Spellcasting
 - Level 0.7 Conjurations
 * Level 1.3 Charms
 - Level 3.1 Ice Magic


You had 2 spell levels left.
You knew the following spells:

 Your Spells              Type           Power        Failure   Level  Hunger
a - Freeze                Ice            #...         7%          1    ##.....
b - Throw Frost           Conj/Ice       #.....       17%         2    ###....
c - Ozocubu's Armour      Chrm/Ice       #.......     30%         3    ####...

Your spell library contained the following spells:

 Spells                   Type           Power        Failure   Level  Hunger
 Throw Icicle             Conj/Ice       #.......     75%         4    #####..
 Summon Ice Beast         Ice/Summ       #.......     78%         4    #####..


Dungeon Overview and Level Annotations

Branches:
Dungeon (4/15)
 Temple: D:4-7

Altars:

Annotations:
D:3 Grinder


Innate Abilities, Weirdness & Mutations

You are small and have problems with some larger weapons.
You are somewhat resistant to further mutation.
You expend magic power (3 MP) to strengthen your wands.


Message History

Firing (i - inventory)
g - 53 stones (quivered)
Press: ? - help, Shift-Dir - straight line, f/p - orc wizard
Aim: an orc wizard, wielding a -2 dagger and wearing a +0 robe (almost dead, fast)
You shoot a stone. The stone hits the orc wizard.
The stone freezes the orc wizard.
You kill the orc wizard!
Your Slings skill increases to level 1!
Your extra speed is starting to run out.
Firing (i - inventory)
g - 52 stones (quivered)
Press: ? - help, Shift-Dir - straight line, f - orc
Aim: an orc, wearing a +0 chain mail (heavily wounded)
You shoot a stone. The stone barely misses the orc.
Firing (i - inventory)
g - 51 stones (quivered)
Press: ? - help, Shift-Dir - straight line, f/p - orc
Aim: an orc, wearing a +0 chain mail (heavily wounded)
You shoot a stone.
The stone hits the orc but does no damage.
The orc is heavily wounded.
The orc hits you.
You die...

#..(...... ##
.....(?..####.#
#........#...###
##....<........#
.[..ยง..........#
...#....o(.....#
#.........)....#
#.##.......o...#
. ##.####..@.##
#.. ###.## ....
### ##.


You could see an orc wizard and an orc.

Vanquished Creatures
  A howler monkey (D:2)
  An orc wizard (D:4)
  5 adders
  An ooze (D:2)
  A worm (D:3)
  2 dart slugs
  4 orcs
  6 giant cockroaches
  5 goblins
  3 hobgoblins
  8 jackals (D:1)
  8 kobolds
  A quokka (D:2)
  8 bats
  3 frilled lizards
  5 rats
62 creatures vanquished.

Notes
Turn   | Place    | Note
-------+----------+-------------------------------------------
     0 | D:1      | Amplified the Halfling Ice Elementalist began the quest for
                  | the Orb.
     0 | D:1      | Reached XP level 1. HP: 11/11 MP: 3/3
   178 | D:1      | Reached XP level 2. HP: 13/18 MP: 1/4
   385 | D:1      | Learned a level 2 spell: Throw Frost
   444 | D:1      | Reached skill level 1 in Short Blades
   592 | D:1      | Reached XP level 3. HP: 22/22 MP: 2/5
   670 | D:1      | Reached skill level 1 in Fighting
  1780 | D:2      | Reached XP level 4. HP: 28/28 MP: 5/7
  1814 | D:2      | Reached XP level 5. HP: 31/33 MP: 2/8
  1848 | D:2      | Learned a level 3 spell: Ozocubu's Armour
  2683 | D:3      | Reached skill level 1 in Charms
  2706 | D:3      | Noticed Grinder
  2710 | D:3      | Gained mutation: You expend magic power (3 MP) to
                  | strengthen your wands. [potion of mutation]
  2750 | D:4      | HP: 1/34 [orc/+0 mace of crushing (2)]
  2759 | D:4      | Reached skill level 1 in Slings
  2761 | D:4      | Slain by an orc

Levels and vault maps discovered:
D:1:      onia_arrival_mini_maze_b, layout_basic
D:2:      layout_rooms
D:3:      layout_basic, grunt_qazlal_clouds, lemuel_coloured_pillars_altar,
          minivault_14, uniq_grinder
D:4:      layout_cave_pools, overflow_temple_1_default, first_ration,
          serial_shops, shop

Skill      XL: |  1  2  3  4  5 |
---------------+----------------+-----
Short Blades   | 1 2 |  2.5
Fighting       | 1 2 |  2.1
Dodging        | 3 |  3.4
Spellcasting   | 2 |  2.2
Charms         | 1 |  1.3
Slings         | 1 |  1.4
Stealth        | |  2.1
Conjurations   | |  0.7
Ice Magic      | |  3.1

Action                   |  1- 3 |  4- 6 || total
-------------------------+-------+-------++-------
Melee: Dagger            |   163 |    66 ||   229
       Unarmed           |     3 |       ||     3
 Fire: Hunting sling     |       |    34 ||    34
 Cast: Freeze            |    33 |    17 ||    50
  Use: Scroll            |     5 |     4 ||     9
       Potion            |       |     2 ||     2
 Stab: Sleeping          |     4 |     1 ||     5
  Eat: Ration            |     1 |     1 ||     2
       Chunk             |       |     2 ||     2
Armor: Robe              |    53 |    15 ||    68
Dodge: Dodged            |   176 |    55 ||   231
